 Dungeon Crawl Stone Soup version 0.30-a0-339-g89bb51ec76 (webtiles) character file.

Game seed: 16737730639984029764

4 hikkokomori the Digger (level 1, -1/14 HPs)
             Began as a Demigod Earth Elementalist on Nov 1, 2022.
             Slain by a kobold
             ... wielding a +0 club
              (4 damage)
             ... on level 1 of the Dungeon.
             The game lasted 00:00:13 (26 turns).

hikkokomori the Digger (Demigod Earth Elementalist)   Turns: 26, Time: 00:00:14

Health: -1/14      AC:  2    Str:  9    XL:     1   Next: 40%
Magic:  1/5        EV: 12    Int: 17    God:
Gold:   0          SH:  0    Dex: 14    Spells: 2/3 levels left

rFire   . . .      SeeInvis .    c - +0 falchion
rCold   . . .      Faith    .    (no shield)
rNeg    . . .      Spirit   .    a - +0 robe
rPois   .          Reflect  .    (no helmet)
rElec   .          Harm     .    (no cloak)
rCorr   .          Rampage  .    (no gloves)
Will    .....                    (no boots)
Stlth   ++........               (no amulet)
HPRegen 0.22/turn                (no ring)
MPRegen 0.09/turn                (no ring)

@: no status effects
A: high MP 1, forlorn, divine attributes
a: no special abilities


You were on level 1 of the Dungeon.
You visited 1 branch of the dungeon, and saw 1 of its levels.

Inventory:

Hand Weapons
 c - a +0 falchion (weapon)
Armour
 a - a +0 robe (worn)
Potions
 b - a potion of magic


   Skills:
 + Level 1.8 Dodging
 + Level 1.8 Stealth
 + Level 1.8 Spellcasting
 + Level 1.0 Transmutations
 + Level 2.7 Earth Magic


You had 2 spell levels left.
You knew the following spells:

 Your Spells              Type           Power      Damage    Failure   Level
a - Sandblast             Erth           20%        2d7       6%          1

Your spell library contained the following spells:

 Spells                   Type           Power      Damage    Failure   Level
 Passwall                 Tmut/Erth      5%         N/A       14%         2
 Stone Arrow              Conj/Erth      12%        3d7       32%         3
 Petrify                  Tmut/Erth      7%         N/A       65%         4


Dungeon Overview and Level Annotations

Branches:
Dungeon (1/15)


Innate Abilities, Weirdness & Mutations

You have an increased reservoir of magic. (+10% MP)
You shall have no god before yourself.
Your divine heritage dramatically boosts your attributes as you level up.


Message History

You miscast Sandblast.
You are very lightly contaminated with residual magic.
Nothing appears to happen.
The kobold shouts!
The goblin hits you with a +0 dagger.
An endoplasm comes into view.
The blast of sand hits the goblin!
You kill the goblin!
A hobgoblin comes into view.
The blast of sand misses the kobold.
A hobgoblin comes into view.
The kobold barely misses you.
The blast of sand hits the kobold but does no damage.
The kobold completely misses you.
The blast of sand misses the kobold.
The blast of sand hits the hobgoblin.
The hobgoblin is severely wounded.
The kobold closely misses you. The kobold hits you but does no damage.
Your magical contamination has completely faded away.
You are out of magic!
You are out of magic!
You are out of magic!
c - a +0 falchion (weapon)
You closely miss the kobold. The kobold closely misses you.
You hit the hobgoblin.
You kill the hobgoblin!
The kobold closely misses you. The kobold hits you with a +0 club.
Your Transmutations skill increases to level 1!
You hit the hobgoblin.
You kill the hobgoblin!
The kobold hits you with a +0 club.
You hit the kobold but do no damage. The kobold hits you but does no damage.
You hit the endoplasm but do no damage. The endoplasm freezes you.
You are frozen.
The kobold hits you with a +0 club. The endoplasm barely misses you.
The kobold hits you with a +0 club.
* * * LOW HITPOINT WARNING * * *
You hit the endoplasm.
The endoplasm is moderately wounded.
The kobold hits you with a +0 club.
You die...

.. . . . # .#..#..#
..#.#. #...
####.####
##.......##
##.........##
##........K†.##
#.........J@..#
#........)....#
#.............#
.......<.........#
#.............#.#..
#.............##..
#.............# .##
##...........## #
##.........##


You could see an endoplasm and a kobold.

Vanquished Creatures
  A goblin (D:1)
  2 hobgoblins (D:1)
3 creatures vanquished.

Notes
Turn   | Place    | Note
-------+----------+-------------------------------------------
     0 | D:1      | hikkokomori the Demigod Earth Elementalist began the quest
                  | for the Orb.
     0 | D:1      | Reached XP level 1. HP: 14/14 MP: 5/5
    23 | D:1      | Reached skill level 1 in Transmutations
    26 | D:1      | Slain by a kobold

Illustrated notes

Levels and vault maps discovered:
D:1:      psy_arrival_dodecagon, layout_basic, basic_ecumenical_altar

Skill      XL: |  1 |
---------------+----+-----
Transmutations | 1 |  1.0
Dodging        | |  1.8
Stealth        | |  1.8
Spellcasting   | |  1.8
Earth Magic    | |  2.7

Action                   || total
-------------------------++-------
Melee: Falchion          ||     6
 Cast: Sandblast         ||     4
Armor: Robe              ||     2
Dodge: Dodged            ||     6

Table legend: (Time is in decaauts)
 A = Elapsed time spent in this place.
 B = Non-inter-level travel time spent in this place.
 C = Inter-level travel time spent in this place.
 D = Time resting spent in this place.
 E = Time spent auto-exploring this place.
 F = Levels seen in this place.
 G = Mean time per level.
                   A        B        C        D        E       F      G
               +--------+--------+--------+--------+--------+-----+--------+
         Total |     29 |     29 |      0 |      0 |      5 |   1 |   29.0 |
       Dungeon |     29 |     29 |      0 |      0 |      5 |   1 |   29.0 |
               +--------+--------+--------+--------+--------+-----+--------+

Top non-repeatable levels by time:
     D:1: 29 daAuts
